Zazza, neutral female human Wizard ----- --------- |<..--- ------.......-- ------- --------------- |.....---|.........--..| |..%u.| |.............| --..|....|.---------|..| |%%_%%| --.---|--.----|| --.|-.....---- ---- |(!%@@| ------ ---- |..|...|-.|.-..| --|.........|--- ----- ---|--- |..-.| |..---|..|--|-..--|..| ----.|....|..----...-- |.| |..|.| ---+-.....-.--........--|| -----..|....|.....---- |.| |..|.|-----......--................| ------ |..|.............---.-- ---|....||.......-|..--------|--..-- |%%%%| --......---...........----- |.|..||...{....|--|......$..|..-- |....| |........|...|.........).---|.|..|--.......| |[/)?*[!/*|...| ---|--------....-------...---......-|.|------....--| -----------...| ------.---...-|...-- |....*..---...|.--..|...|....|------ |.......-- |..|-.........|(.--- %-.....|.....|..)..%..---...-|.]((| |.------- |..-..........)....-.---.-.---..-...........--....|-...-..((| |.|...| -----.....{....----.....)......%..|...`.......|-...|...-|$((]| |.|...| |..............-- --+--%---------.........--..|........|------ |.--|------- -+-----.........| |.|.((.| .-.......-----|...|....|--------.....|....| --..------- |)-.(((| ---...--- --..|...--......|...{..-..-|| ---- --|.(((| .---- -----.....----........|..|(| ------ ------- --------------- Zazza the Thaumaturge Experience level: 8 Strength: 6 Dexterity: 14 Constitution: 17 Intelligence: 18 Wisdom: 14 Charisma: 10 Health: 0(68) Energy: 1(70) Def: 14 Gold: 0 Moves: 7011 Dungeon seed: k9TKIJMzR7MM9UhY Game ID: Zazza_1576430761 Your Inventory: Weapons F - a blessed +0 elven dagger (weapon in hand) M - 6 blessed +0 darts P - a blessed +0 dagger Armor e - an uncursed +0 cloak of magic resistance (being worn) i - an uncursed +0 pair of leather gloves (being worn) n - an uncursed +0 mummy wrapping q - a blessed greased +2 silver dragon scale mail (being worn) r - a blessed +0 mummy wrapping y - an uncursed +0 elven leather helm (being worn) Comestibles K - 2 uncursed fortune cookies W - an uncursed food ration Scrolls D - an uncursed scroll of create monster Rings c - an uncursed ring of warning d - an uncursed ring of conflict (on left hand) Wands b - a wand of polymorph (0:5) j - a wand of sleep (0:1) o - a wand of wishing (0:0) s - a wand of magic missile (0:0) w - a wand of make invisible (0:7) I - a wand of locking (0:5) Tools g - an uncursed wax candle (0:400) k - an uncursed skeleton key J - an uncursed towel Gems f - an uncursed worthless piece of yellowish brown glass z - an uncursed worthless piece of red glass X - an uncursed worthless piece of black glass Z - an uncursed worthless piece of blue glass Spells and supernatural/magical abilities: Name Level Category Fail Memory a - force bolt 1 attack 0% 65% u - confuse monster 2 enchantment 0% 82% w - wizard lock 2 matter 43% 88% U - detect unseen 3 divination 77% 65% W - pray for help -- divine ? -- Your skills at the end: Fighting Skills Weapon Skills dagger [Skilled] quarterstaff [Basic] Spellcasting Skills attack spells [Skilled] enchantment spells [Basic] Final Attributes: You were piously aligned. You were magic-protected. You caused conflict. You had reflection. You are dead. Vanquished creatures: an elf mummy a human mummy a red naga an ettin zombie a watchman a crocodile 4 wolves a giant spider an ice vortex a gnome king a gold golem a dwarf lord a blue jelly a dust vortex a snake a rope golem 2 Woodland-elves 3 fire ants a rock mole a shrieker 9 gnome lords 3 gnomish wizards a kobold mummy a baby crocodile 2 little dogs 4 floating eyes 11 dwarves 2 homunculi a kobold lord 11 hill orcs a giant bat a dwarf zombie a wererat 3 werejackals an acid blob 2 gas spores 5 hobbits 7 manes a large kobold 2 hobgoblins 2 giant rats 7 cave spiders 3 brown molds a yellow mold 2 green molds 30 gnomes a gecko 8 jackals 2 foxes a kobold 10 goblins 4 sewer rats 4 grid bugs 2 bats 3 lichens a kobold zombie 7 newts 183 creatures vanquished. Voluntary challenges: You used a wielded weapon 160 times, starting on turn 135. You read items or engraved 8 times, starting on turn 5. You never genocided any monsters. You never polymorphed an object. You never changed form. You used 1 wish, starting on turn 6. You did not wish for any artifacts. You never split a pudding. You wrote Elbereth's name 3 times, starting on turn 5. You violated your moral code, losing 31 points of alignment, starting on turn 692. Dungeon overview: The Dungeons of Doom: levels 1 to 5 Level 1 a fountain a long staircase Level 2 Level 3 (gold) an armor shop Level 4 (gold) a general store, an altar to Thoth, some fountains stairs to The Gnomish Mines Level 5 The Gnomish Mines: levels 5 to 8 Level 5 stairs to The Dungeons of Doom Level 6 Level 7 Level 8 <- You were here many shops, a temple to Anhur, some fountains History has recorded: On T:1 you entered the Dungeons of Doom to retrieve the Amulet of Yendor! On T:6 you wished for "blessed greased +2 silver dragon scale mail". On T:324 you advanced to experience level 2. On T:478 you reached level 2 of The Dungeons of Doom. On T:757 you advanced to experience level 3. On T:868 you reached level 3 of The Dungeons of Doom. On T:1302 you advanced to experience level 4. On T:1512 you reached level 4 of The Dungeons of Doom. On T:2541 you reached level 1 of The Gnomish Mines. On T:2675 you advanced to experience level 5. On T:2888 you reached level 4 of The Gnomish Mines. On T:2970 you reached level 3 of The Gnomish Mines. On T:3193 you advanced to experience level 6. On T:3484 you reached level 2 of The Gnomish Mines. On T:3959 you advanced to experience level 7. On T:4268 you reached level 5 of The Dungeons of Doom. On T:6511 you advanced to experience level 8. Score breakdown: Gold: 0 ( 0 points) Experience: 8 levels (14739 points) Exploration: 8 levels ( 15.38%) (11114 points) Discoveries: 24 items ( 8.36%) ( 8675 points) Valuables value: (no points given unless you survive) Artifact value: 0 ( 0 points) Variety of kills: 57 monsters ( 14.96%) (11603 points) Turncount: 7011 turns (-1854 points) Survival: died (score multiplied by 80%) Total score: 35421 Latest messages: Something is written here in the dust. You read: "Elbereth". You see no objects here. The rock mole bites the Woodland-elf. The Woodland-elf thrusts her runed spear at the rock mole. The Woodland-elf hits the rock mole. The rock mole is killed! The black unicorn misses the priest of Anhur. The black unicorn hits the priest of Anhur. The priest of Anhur swings his mace at the black unicorn. The priest of Anhur misses the black unicorn. (2x) The priest of Anhur casts a spell! The priest of Anhur looks better. You hear some noises. Something is written here in the dust. You read: "Elbereth". You see no objects here. The Woodland-elf thrusts her runed spear at the priest of Anhur. The Woodland-elf hits the priest of Anhur. The priest of Anhur swings his mace at the Woodland-elf. The priest of Anhur hits the Woodland-elf. The Woodland-elf is killed! The priest of Anhur swings his mace. The priest of Anhur hits! You die... Final status: Goodbye Zazza the Wizard, killed by a priest of Anhur... You died in The Gnomish Mines on dungeon level 8 with 35421 points, and 0 pieces of gold, after 7011 moves. You were level 8 with a maximum of 68 hit points when you died.